 Dungeon Crawl Stone Soup version 0.30.1-3-gfc49f6343a (webtiles) character file.

Game seed: 923574235063111358

30641 Moses069 the Severer (level 13, -7/119 HPs)
             Began as a Minotaur Berserker on July 21, 2023.
             Was a High Priest of Trog.
             Mangled by a faun
             ... wielding a +0 spear
             ... led by a satyr
              (25 damage)
             ... on level 1 of the Shoals on July 22, 2023.
             The game lasted 01:00:35 (17508 turns).

Moses069 the Severer (Minotaur Berserker)          Turns: 17508, Time: 01:00:35

Health: -7/119     AC: 19    Str: 23    XL:     13   Next: 21%
Magic:  12/12      EV: 11    Int:  4    God:    Trog [*****.]
Gold:   469        SH:  0    Dex: 14    Spells: 12/12 levels left

rFire   x . .        Q - +5 battleaxe
rCold   + . .        (shield currently unavailable)
rNeg    . . .        B - +1 plate armour
rPois   +            (helmet restricted)
rElec   .            W - +0 cloak {rPois}
rCorr   .            (no gloves)
SInv    .            X - +0 pair of boots
Will    .....        N - amulet of magic regeneration Stlth
                     q - ring of willpower
HPRegen 0.39/turn    O - ring of ice
MPRegen 0.53/turn

%: no passive effects
@: lit by a corona, weak-willed, glowing
A: horns 2, retaliatory headbutt
a: Renounce Religion, Berserk, Trog's Hand, Brothers in Arms


You were on level 1 of the Shoals.
You worshipped Trog.
Trog was extremely pleased with you.
You visited 4 branches of the dungeon, and saw 15 of its levels.

You collected 829 gold pieces.
You spent 360 gold pieces at shops.

Inventory:

Hand Weapons
 x - a +2 falchion of flaming
 I - a +4 dagger of holy wrath
 J - a +2 mace of protection
 P - a +4 short sword
 Q - a +5 battleaxe (weapon)
 T - a +3 rapier
 V - a +3 short sword of draining
Missiles
 c - a throwing net
 r - 137 stones
 A - 36 poisoned darts (quivered)
Armour
 k - a scarf of repulsion
 B - a +1 plate armour (worn)
 W - a +0 cloak of poison resistance (worn)
 X - a +0 pair of boots (worn)
Jewellery
 q - a ring of willpower (left hand)
 N - an amulet of magic regeneration (around neck)
 O - a ring of ice (right hand)
Wands
 i - a wand of iceblast (8)
 F - a wand of mindburst (17)
 G - a wand of polymorph (4)
 S - a wand of flame (18)
 Y - a wand of paralysis (2)
Scrolls
 d - a scroll of poison {unknown}
 e - a scroll of noise {unknown}
 g - a scroll of identify
 m - a scroll of magic mapping {unknown}
 o - 2 scrolls of fog
 s - a scroll of amnesia {unknown}
 t - 4 scrolls of teleportation
 u - 2 scrolls of enchant weapon
 w - a scroll of fear {unknown}
 y - a scroll of immolation
 C - a scroll of enchant armour
 E - 2 scrolls of butterflies
 M - a scroll of blinking {unknown}
 U - a scroll of silence {unknown}
Potions
 a - a potion of cancellation
 b - 2 potions of might
 f - 2 potions of haste
 h - 2 potions of lignification
 j - 3 potions of attraction
 n - 2 potions of mutation
 p - 4 potions of heal wounds
 v - a potion of resistance
 z - 3 potions of brilliance
 D - 2 potions of berserk rage
 H - a potion of curing {unknown}
 R - 2 potions of ambrosia {unknown}


   Skills:
 + Level 12.8 Fighting
 - Level 16.0 Axes
 + Level 12.4 Armour
 + Level 11.5 Dodging
 - Level 5.0 Evocations


You had 12 spell levels left.
You didn't know any spells.
Your spell library contained the following spells:

 Spells                   Type           Power      Damage    Failure   Level
 Lesser Beckoning         Tloc           0%         N/A       100%        2
 Gell's Gravitas          Tloc           0%         N/A       100%        3
 Teleport Other           Tloc           0%         N/A       100%        3
 Blade Hands              Tmut           0%         N/A       100%        5
 Irradiate                Conj/Tmut      0%         3d11      100%        5
 Dragon Form              Tmut           0%         N/A       100%        7


Dungeon Overview and Level Annotations

Branches:
Dungeon (11/15)            Temple (1/1) D:5            Lair (2/5) D:11
 Shoals (1/4) Lair:2        Snake (0/4) Lair:2
    Orc: D:9-12

Altars:
Ashenzari
Cheibriados
Dithmenos
Elyvilon
Fedhas
Gozag
Hepliaklqana
Kikubaaqudgha
Makhleb
Nemelex Xobeh
Okawaru
Qazlal
Ru
Sif Muna
Trog
Uskayaw
Vehumet
Wu Jian
Xom
Yredelemnul
Zin
The Shining One

Shops:
D:3 [   D:7 *   D:8 :

Annotations:
D:4 exclusion: oklob plant
Shoals:1 1 runed translucent door, Wano's ghost, adept DrTm


Innate Abilities, Weirdness & Mutations

You have a pair of horns on your head.
You reflexively headbutt those who attack you in melee.


Message History

The fauns go into a battle-frenzy!
The faun closely misses you.
You slash the satyr!
The satyr is heavily wounded.
You closely miss the faun.
The faun shoots a sling bullet.
The sling bullet hits you.
The satyr unwields a +0 club.
The satyr wields a +0 longbow.
The satyr shoots an arrow.
The arrow hits you! The faun hits you but does no damage.
You attempt to attack the satyr, but flinch away in fear!
The faun shoots a sling bullet.
The sling bullet barely misses you.
You attempt to attack the satyr, but flinch away in fear!
The faun casts a spell at you.
Your willpower is stripped away!
The satyr shoots an arrow.
The arrow hits you!!
You attempt to attack the satyr, but flinch away in fear!
The faun casts a spell at you.
You are outlined in light.
The satyr shoots an arrow.
The arrow barely misses you.
The arrow hits the faun!
The faun dies!
The faun unwields a +0 sling.
The faun wields a +0 spear.
The faun completely misses you.
You attempt to attack the satyr, but flinch away in fear!
The satyr plays a lulling melody on his pipes!
You barely resist. The faun hits you but does no damage.
You slash the satyr!
The satyr is heavily wounded.
You slice the faun!!
The satyr shoots an arrow.
The arrow hits you!
You slice the satyr!!
The satyr is almost dead.
You slash the faun! The faun hits you with a +0 spear!
* * * LOW HITPOINT WARNING * * *
The satyr shoots an arrow.
The arrow hits you!
* * * LOW HITPOINT WARNING * * *
You slice the satyr!!
You are no longer terrified.
You kill the satyr!
Trog accepts your kill.
Trog appreciates your killing of a magic user.
You slash the faun! The faun hits you with a +0 spear!!
You die...

........##⌠##..............~~
.......##...##..........~~~.~
......##..?..##..........~...
......+...♣!.⌠#..........~~..
......##..!..##..............
.......##...##..........~~.~.
........##W##...........~~~..
...$.....###c)...........~~~.
...........)@).........#~...~
...........)............~~..~
.......................~~~~~~
.......~~..............~~~~~~
~.......................~~~~~
~........[.............~.~~~~
.....##...............~.~~~~
~~~. ##..~.###.[..##...~~~.
#...........###...~~.


You could see a faun (strong) and Wano's ghost.

Vanquished Creatures
  A merfolk javelineer (Shoals:1)
  Josephine (Shoals:1)
  A merfolk impaler (Shoals:1)
  A satyr (Shoals:1)
  6 two-headed ogres
  The ghost of ripuliukko the Thaumaturge, a journeyman DEEE of Vehumet (D:11)
  Sonja (Lair:1)
  A sea snake (Shoals:1)
  The ghost of jaiteiro the Thaumaturge, a novice DEFE of Vehumet (D:8)
  5 fauns (Shoals:1)
  A cyclops (Shoals:1)
  A centaur zombie (D:11)
  A black mamba (Lair:2)
  A moth of wrath (D:8)
  An elephant (D:11)
  6 cane toads
  2 kobold demonologists (D:10)
  3 komodo dragons
  2 ice devils (Lair:2)
  5 merfolk (Shoals:1)
  A wind drake (Shoals:1)
  3 trolls
  The ghost of OmG the Trooper, an amateur DsFi (D:5)
  A meliai zombie (D:11)
  2 snapping turtles (Shoals:1)
  4 dream sheep (Shoals:1)
  3 shadows
  A vampire (D:9)
  5 wraiths
  4 wyverns
  13 yaks
  3 basilisks
  11 vampire mosquitoes
  Menkaure (D:5)
  3 nagas (Lair:2)
  6 water moccasins
  A sky beast (D:7)
  5 ice beasts
  2 orc warriors (D:7)
  6 black bears
  7 centaurs
  8 wolves
  5 kobold brigands
  Blork the orc (D:5)
  5 bullfrogs
  6 scorpions
  8 wights (D:8)
  17 killer bees
  5 howler monkeys
  A jelly (D:5)
  5 hounds
  8 orc priests
  3 sleepcaps
  An iguana (D:5)
  10 orc wizards
  Terence (D:2)
  3 adders
  A shadow imp (D:7)
  A white imp (D:6)
  An ufetubus (D:4)
  A worm (D:10)
  3 dart slugs
  44 orcs
  4 bats
  5 endoplasms
  4 giant cockroaches
  5 goblins
  3 hobgoblins
  11 jackals
  17 kobolds
  10 quokkas
  4 ball pythons
  4 frilled lizards
  4 rats
334 creatures vanquished.

Vanquished Creatures (others)
  A faun (Shoals:1)
1 creature vanquished.

Grand Total: 335 creatures vanquished

Notes
Turn   | Place    | Note
-------+----------+-------------------------------------------
     0 | D:1      | Moses069 the Minotaur Berserker began the quest for the
                  | Orb.
     0 | D:1      | Reached XP level 1. HP: 19/19 MP: 0/0
    73 | D:1      | Reached XP level 2. HP: 15/27 MP: 1/1
   278 | D:1      | Reached skill level 4 in Axes
   557 | D:1      | Reached XP level 3. HP: 33/33 MP: 2/2
  1159 | D:2      | Noticed Terence
  1167 | D:2      | Reached ** piety under Trog
  1168 | D:2      | Killed Terence
  1169 | D:2      | Reached XP level 4. HP: 24/40 MP: 3/3
  1573 | D:3      | Found an opulent altar of Gozag.
  1595 | D:3      | Found a faded altar of an unknown god.
  1623 | D:3      | Reached skill level 5 in Axes
  1628 | D:3      | Reached XP level 5. HP: 21/47 MP: 4/4
  1785 | D:3      | Found Goicw's Antique Armour Shop.
  2116 | D:3      | Noticed an ice beast
  2124 | D:3      | Killed an ice beast
  2472 | D:4      | Reached XP level 6. HP: 54/55 MP: 5/5
  2653 | D:4      | Reached skill level 5 in Fighting
  2653 | D:4      | Reached skill level 6 in Axes
  2729 | D:4      | Found an iron altar of Okawaru.
  2864 | D:4      | Found a blossoming altar of Fedhas.
  2887 | D:4      | Noticed an oklob plant
  3410 | D:5      | Entered Level 5 of the Dungeon
  3411 | D:5      | Noticed a water moccasin
  3420 | D:5      | Killed a water moccasin
  3524 | D:5      | Reached *** piety under Trog
  3525 | D:5      | Reached XP level 7. HP: 53/61 MP: 6/6
  3679 | D:5      | Found a shimmering altar of Xom.
  3743 | D:5      | Found a staircase to the Ecumenical Temple.
  3801 | D:5      | Found a white marble altar of Elyvilon.
  3811 | D:5      | Noticed Menkaure
  3824 | D:5      | Killed Menkaure
  3825 | D:5      | Reached skill level 7 in Axes
  3825 | D:5      | Reached skill level 5 in Armour
  4287 | D:5      | Reached skill level 5 in Dodging
  4338 | D:5      | Reached XP level 8. HP: 70/70 MP: 7/7
  4422 | D:5      | Found a runed translucent gate.
  4422 | D:5      | Found a runed translucent gate.
  4422 | D:5      | Found a runed translucent gate.
  4425 | D:5      | Noticed OmG's ghost (amateur DsFi)
  4496 | D:5      | Noticed Blork the orc
  4508 | D:5      | Killed Blork the orc
  4509 | D:5      | Reached skill level 8 in Axes
  4858 | D:5      | Killed OmG's ghost
  4971 | Temple   | Entered the Ecumenical Temple
  5243 | D:6      | Reached skill level 9 in Axes
  5505 | D:6      | Reached XP level 9. HP: 50/79 MP: 8/8
  6063 | D:7      | Found a shimmering blue altar of Sif Muna.
  6158 | D:7      | Reached skill level 10 in Axes
  6260 | D:7      | Found Tuone's Assorted Antiques.
  6415 | D:7      | Reached **** piety under Trog
  7107 | D:8      | Found Tagil's Book Shoppe.
  7391 | D:8      | Noticed a two-headed ogre
  7400 | D:8      | Killed a two-headed ogre
  7401 | D:8      | Reached skill level 11 in Axes
  7561 | D:8      | Reached XP level 10. HP: 71/88 MP: 9/9
  7775 | D:8      | Found a glowing golden altar of the Shining One.
  7796 | D:8      | Found a transporter.
  7797 | D:8      | Noticed jaiteiro's ghost (novice DEFE)
  7809 | D:8      | Noticed a moth of wrath
  7823 | D:8      | Found a transporter.
  8101 | D:8      | Killed a moth of wrath
  8102 | D:8      | Killed jaiteiro's ghost
  8103 | D:8      | Reached skill level 12 in Axes
  8726 | D:9      | Reached skill level 1 in Evocations
  9406 | D:10     | Entered Level 10 of the Dungeon
  9493 | D:10     | Reached skill level 13 in Axes
  9514 | D:10     | Noticed a two-headed ogre
  9522 | D:10     | Killed a two-headed ogre
  9523 | D:10     | Reached XP level 11. HP: 99/99 MP: 10/10
  9982 | D:10     | Reached skill level 10 in Fighting
 10763 | D:10     | Found a hide-covered altar of Uskayaw.
 10895 | D:10     | Found an ornate altar of the Wu Jian Council.
 10925 | D:10     | Found a snail-covered altar of Cheibriados.
 11190 | D:3      | Bought a runed cloak for 225 gold pieces
 11202 | D:3      | Bought a pair of boots for 135 gold pieces
 11513 | D:11     | Found a staircase to the Lair.
 11535 | D:11     | Reached skill level 14 in Axes
 11535 | D:11     | Reached skill level 10 in Armour
 12061 | D:11     | Noticed a two-headed ogre
 12069 | D:11     | Killed a two-headed ogre
 12107 | D:11     | Noticed a two-headed ogre
 12112 | D:11     | Killed a two-headed ogre
 12554 | D:11     | Found a runed translucent gate.
 12554 | D:11     | Found a runed translucent gate.
 12554 | D:11     | Found a runed translucent gate.
 12554 | D:11     | Noticed ripuliukko's ghost (journeyman DEEE)
 12557 | D:11     | Found a basalt altar of Yredelemnul.
 12558 | D:11     | Noticed a two-headed ogre
 12572 | D:11     | Killed a two-headed ogre
 12653 | D:11     | Noticed a two-headed ogre
 12662 | D:11     | Killed a two-headed ogre
 12663 | D:11     | Reached XP level 12. HP: 15/108 MP: 11/11
 13356 | D:11     | Killed ripuliukko's ghost
 13888 | Lair:1   | Entered Level 1 of the Lair of Beasts
 14349 | Lair:1   | Noticed Sonja
 14361 | Lair:1   | Killed Sonja
 14362 | Lair:1   | Reached skill level 15 in Axes
 14362 | Lair:1   | Reached skill level 10 in Dodging
 14489 | Lair:1   | Identified the +1 robe of the Slightly Bent {*Corrode rPois
                  | Stlth+}
 15303 | Lair:2   | Found a frozen archway.
 15314 | Lair:2   | Reached skill level 5 in Evocations
 15553 | Lair:2   | Found a staircase to the Snake Pit.
 15647 | Lair:2   | Found a staircase to the Shoals.
 15980 | Shoals:1 | Entered Level 1 of the Shoals
 16073 | Shoals:1 | Reached skill level 16 in Axes
 16271 | Shoals:1 | Noticed Josephine
 16288 | Shoals:1 | HP: 4/97 [Josephine/ghostly fireball (23)]
 16291 | Shoals:1 | Killed Josephine
 16501 | Shoals:1 | Reached ***** piety under Trog
 16502 | Shoals:1 | Reached XP level 13. HP: 34/115 MP: 12/12
 16870 | Shoals:1 | Noticed a merfolk javelineer
 16882 | Shoals:1 | Killed a merfolk javelineer
 17227 | Shoals:1 | Noticed a merfolk impaler
 17242 | Shoals:1 | Killed a merfolk impaler
 17466 | Shoals:1 | Noticed Wano's ghost (adept DrTm)
 17469 | Shoals:1 | Found a runed translucent door.
 17508 | Shoals:1 | Mangled by a faun

Illustrated notes

Levels and vault maps discovered:
D:1:      evilmike_arrival_crescent, layout_loops_cross
D:2:      layout_basic, uniq_terence
D:3:      layout_loops_ring, grunt_gozag_statues, serial_shops,
          nicolae_shop_rolling_square, basic_ecumenical_altar
D:4:      layout_rooms, lemuel_tele_altar, tgw_fedhas, minmay_crystal_room
D:5:      cheibrodos_iron_armory, layout_basic, mainiacjoe_overflow_boulevard,
          elyvilon_altar_5, temple_doors_e, ebering_ghost_rock_garden,
          kennysheep_generic_room_2, uniq_menkaure, uniq_blork_the_orc
D:6:      layout_rooms
D:7:      layout_loops_ring, nicolae_sif_muna_little_library, serial_shops, shop
D:8:      layout_rooms, tso_oasis_becter, serial_shops, shop,
          gammafunk_ghost_berserking_beasts
D:9:      layout_basic
D:10:     layout_loops_ring, nicolae_uskayaw_dance_studio,
          cheibrodos_worm_habitat, pdpol_wu_jian_five_deadly_venoms
D:11:     layout_layer_cave, david_lair_generic,
          nicolae_yredelemnul_ghost_church
Temple:   nicolae_temple_hex_pool
Lair:1:   layout_long_grid, uniq_sonja
Lair:2:   layout_hall_layers, minmay_shoals_entry_centaurs,
          nicolae_snake_entry_squirm, portal_ice_cave_demonic_guard,
          eino_small_chamber_without_monster, grunt_megastairs_2
Shoals:1: layout_shoals, hellmonk_ghost_happy_afterlife, uniq_josephine

Skill      XL: |  1  2  3  4  5  6  7  8  9 10 11 12 13 |
---------------+----------------------------------------+-----
Axes           | 4 5 6 7 9 11 13 14 16 | 16.0
Fighting       | 4 5 6 7 8 9 10 12 | 12.8
Armour         | 3 4 5 6 8 9 10 11 12 | 12.4
Dodging        | 3 4 5 6 7 8 9 11 | 11.5
Evocations     | 2 4 5 |  5.0

Action                     |  1- 3 |  4- 6 |  7- 9 | 10-12 | 13-15 || total
---------------------------+-------+-------+-------+-------+-------++-------
  Melee: Hand axe          |    80 |   137 |   338 |    47 |       ||   602
         Headbutt          |     7 |    18 |    76 |    86 |     8 ||   195
         Punch             |       |     3 |     4 |       |       ||     7
         Battleaxe         |       |       |       |   424 |    67 ||   491
  Throw: Dart              |       |       |       |     1 |       ||     1
 Invoke: Berserk           |       |     1 |     3 |     9 |     1 ||    14
         Trog's Hand       |       |       |     2 |     2 |       ||     4
  Evoke: Wand              |       |       |     1 |       |       ||     1
    Use: Scroll            |       |     3 |     6 |    12 |       ||    21
         Potion            |       |       |       |     2 |       ||     2
 Armour: Animal skin       |     6 |       |       |       |       ||     6
         Leather armour    |     3 |     2 |       |       |       ||     5
         Scale mail        |       |    29 |       |       |       ||    29
         Plate armour      |       |     7 |   166 |   283 |    24 ||   480
  Dodge: Dodged            |    54 |    72 |   129 |   282 |    30 ||   567
         Repelled          |     2 |       |     1 |       |       ||     3
